 Dungeon Crawl Stone Soup version 0.26.1-2-gb8aa6d0cf2 (webtiles) character file.

Game seed: 15065167478722112665

1318 dickylongcocking the Covert (level 8, -1/51 HPs)
             Began as an Octopode Wanderer on Feb 13, 2021.
             Was a Believer of Hepliaklqana.
             Slain by a gnoll
             ... wielding a +0 halberd
              (15 damage)
             ... on level 6 of the Dungeon.
             The game lasted 00:04:41 (6409 turns).

dickylongcocking the Covert (Octopode Wanderer)     Turns: 6409, Time: 00:04:42

Health: -1/51      AC:  1    Str: 16    XL:     8   Next: 59%
Magic:  8/8        EV: 12    Int: 12    God:    Hepliaklqana [**....]
Gold:   202        SH:  4    Dex: 11    Spells: 7/7 levels left

rFire    . . .     SeeInvis .   a - +2 hand axe
rCold    . . .     Faith    .   f - +0 buckler
rNeg     . . .     Spirit   .   (helmet restricted)
rPois    .         Reflect  .   (no amulet)
rElec    .         Harm     .   (no ring)
rCorr    .         Rampage  .   t - ring of willpower
Will     +....                  (no ring)
Stlth    ++++++....             (no ring)
HPRegen  0.17/turn              (no ring)
MPRegen  0.11/turn              (no ring)
                                (no ring)
                                (no ring)

@: no status effects
A: almost no armour, stealthy swim, amphibious, 8 rings, constrict 8, reduced
essence, camouflage 1, gelatinous body 1
a: Renounce Religion, Recall Ancestor, Ancestor Identity


You were on level 6 of the Dungeon.
You worshipped Hepliaklqana.
Hepliaklqana was pleased with you.
You visited 2 branches of the dungeon, and saw 7 of its levels.

You collected 202 gold pieces.

Inventory:

Hand Weapons
 a - a +2 hand axe (weapon)
Armour
 f - a +0 buckler (worn)
Jewellery
 t - a ring of willpower (right tentacle)
Wands
 p - a wand of paralysis (8)
Scrolls
 b - 2 scrolls of teleportation
 d - a scroll of enchant weapon {unknown}
 g - 2 scrolls of identify
 h - 2 scrolls of remove curse
 j - a scroll of fog {unknown}
 k - a scroll of enchant armour {unknown}
 m - 2 scrolls of immolation {unknown}
 o - 3 scrolls of magic mapping {unknown}
 s - a scroll of acquirement {unknown}
Potions
 c - 7 potions of curing
 e - 3 potions of might
 i - 3 potions of berserk rage
 l - 3 potions of heal wounds {unknown}
 n - a potion of brilliance {unknown}
 q - a potion of attraction {unknown}
 r - a potion of lignification {unknown}


   Skills:
 * Level 6.1 Fighting
 - Level 2.0 Axes
 - Level 1.0 Staves
 * Level 12.2 Stealth
 * Level 3.3 Shields
 - Level 1.1 Evocations


You had 7 spell levels left.
You didn't know any spells.
Your spell library was empty.

Dungeon Overview and Level Annotations

Branches:
Dungeon (6/15)             Temple (1/1) D:5

Altars:
Ashenzari
Cheibriados
Dithmenos
Elyvilon
Fedhas
Gozag
Hepliaklqana
Kikubaaqudgha
Makhleb
Nemelex Xobeh
Okawaru
Qazlal
Ru
Sif Muna
Trog
Uskayaw
Vehumet
Wu Jian
Xom
Yredelemnul
Zin

Shops:
D:4 (   D:6 (


Innate Abilities, Weirdness & Mutations

You cannot wear most types of armour.
You are very stealthy in the water. (Stealth+)
You are amphibious.
You can wear up to eight rings at the same time.
You can use your tentacles to constrict eight enemies at once.
Your skin changes colour to match your surroundings (Stealth+).
Your rubbery body absorbs attacks. (AC +1, EV +1)
Your life essence is reduced to manifest your ancestor. (-10% HP)


Message History

You constrict the gnoll.
The gnoll shouts! x2
The gnoll barely misses you.
You hit the gnoll. You squeeze the gnoll.
You kill the gnoll!
The gnoll misses you. The gnoll barely misses you.
You block the gnoll's attack.
Unknown command.
The gnoll hits you with a cursed -3 spear!
* * * LOW HITPOINT WARNING * * *
You hit the gnoll. You grab the gnoll.
The gnoll is moderately wounded.
You hit the gnoll. You constrict the gnoll. The gnoll misses you.
Nkonkoni hits the gnoll with a +0 quarterstaff!
The gnoll dies!
Unknown command.
You hit the gnoll. Your grab misses the gnoll. You squeeze the gnoll.
The gnoll is heavily wounded.
The gnoll hits you with a +0 halberd!
You die...

..###......†..)..###
......####.........##
.#..###......##)....##
##.........#.###.....#
...######....###.....##
.(.# ###..#..........#
..## ##....####[..).?.##
..# ##...### #........#
..###..###### ##@R)......
................)g...#...
.......########..........
†......# #..........
..###### #.......>.. ..#
##.....#### ### ##...##
####


You could see the friendly Nkonkoni the battlemage and a gnoll.

Vanquished Creatures
  A water moccasin (D:4)
  An ogre (D:4)
  A bullfrog (D:5)
  2 scorpions
  3 orc priests
  2 orc wizards
  Ijyb (D:3)
  Natasha (D:2)
  4 worker ants
  A worker ant zombie (D:5)
  A gnoll (D:6)
  6 adders
  An ufetubus (D:5)
  An ooze (D:3)
  3 worms
  2 dart slugs
  A leopard gecko (D:5)
  9 orcs
  2 ball pythons
  11 bats
  4 giant cockroaches
  9 goblins
  5 hobgoblins
  7 jackals
  6 kobolds
  A quokka (D:5)
  5 frilled lizards
  A giant cockroach zombie (D:1)
  A leopard gecko zombie (D:1)
  8 rats
101 creatures vanquished.

Vanquished Creatures (collateral kills)
  Menkaure (D:5)
  An ogre (D:6)
  A scorpion (D:5)
  A bullfrog zombie (D:5)
  An orc priest (D:5)
  A hound (D:5)
  An orc wizard (D:5)
  An iguana (D:6)
  2 worker ants
  A gnoll (D:6)
  An adder (D:5)
  A white imp (D:5)
  An ufetubus (D:5)
  An adder skeleton (D:4)
  A leopard gecko (D:5)
  6 orcs
  A bat (D:3)
  A hobgoblin (D:3)
  A jackal (D:5)
  A quokka (D:3)
  A frilled lizard (D:3)
27 creatures vanquished.

Grand Total: 128 creatures vanquished

Notes
Turn   | Place    | Note
-------+----------+-------------------------------------------
     0 | D:1      | dickylongcocking the Octopode Wanderer began the quest for
                  | the Orb.
     0 | D:1      | dickylongcocking set off with the following items: a +2
                  | hand axe, a scroll of teleportation, a potion of curing
     0 | D:1      | Reached XP level 1. HP: 18/18 MP: 1/1
    97 | D:1      | Reached skill level 2 in Stealth
   302 | D:1      | Reached XP level 2. HP: 17/24 MP: 2/2
   416 | D:1      | Reached skill level 3 in Stealth
   765 | D:1      | Reached skill level 4 in Stealth
   779 | D:1      | Reached XP level 3. HP: 24/29 MP: 3/3
  1035 | D:2      | Found a bloodstained altar of Trog.
  1035 | D:2      | Found a shadowy altar of Dithmenos.
  1035 | D:2      | Found a sacrificial altar of Ru.
  1035 | D:2      | Found a glowing silver altar of Zin.
  1058 | D:2      | Became a worshipper of Ru the Awakened
  1330 | D:2      | Noticed Natasha
  1339 | D:2      | Killed Natasha
  1340 | D:2      | Reached skill level 5 in Stealth
  1340 | D:2      | Reached XP level 4. HP: 11/35 MP: 4/4
  1612 | D:2      | Found a stormy altar of Qazlal.
  1834 | D:2      | Reached skill level 6 in Stealth
  1948 | D:2      | Found a hazy altar of Hepliaklqana.
  2019 | D:2      | Fell from the grace of Ru
  2019 | D:2      | Became a worshipper of Hepliaklqana the Forgotten
  2348 | D:2      | Reached XP level 5. HP: 22/35 MP: 5/5
  2352 | D:2      | Reached skill level 7 in Stealth
  2654 | D:3      | Found a faded altar of an unknown god.
  3210 | D:3      | Reached * piety under Hepliaklqana
  3231 | D:3      | Reached skill level 8 in Stealth
  3371 | D:3      | Noticed Ijyb
  3380 | D:3      | Killed Ijyb
  3381 | D:3      | Reached XP level 6. HP: 36/40 MP: 6/6
  3737 | D:4      | Found Yvoytiw's Antique Weapon Emporium.
  3749 | D:4      | Reached skill level 9 in Stealth
  3773 | D:4      | Noticed a water moccasin
  3782 | D:4      | Killed a water moccasin
  4034 | D:4      | Reached skill level 10 in Stealth
  4034 | D:4      | Reached XP level 7. HP: 16/45 MP: 7/7
  4976 | D:4      | Found an iron altar of Okawaru.
  5047 | D:5      | Entered Level 5 of the Dungeon
  5051 | D:5      | Reached ** piety under Hepliaklqana
  5060 | D:5      | Remembered your ancestor Nkonkoni as a battlemage
  5119 | D:5      | Reached skill level 11 in Stealth
  5340 | D:5      | Found a staircase to the Ecumenical Temple.
  5348 | Temple   | Entered the Ecumenical Temple
  5620 | D:5      | Reached skill level 1 in Shields
  5853 | D:5      | Noticed Menkaure
  5864 | D:5      | Killed Menkaure
  5865 | D:5      | Reached XP level 8. HP: 43/50 MP: 8/8
  6271 | D:6      | Found Fenies's Weapon Shoppe.
  6295 | D:6      | Reached skill level 12 in Stealth
  6409 | D:6      | Slain by a gnoll

Illustrated notes

Levels and vault maps discovered:
D:1:      saegor_arrival_fortress, layout_loops_ring
D:2:      cheibrodos_pilgrimage, layout_loops_ring, nzn_hepliaklqana_mist_gate,
          chequers_temple_overflow_statue_of_worship, general_overflow_altar,
          uniq_natasha
D:3:      layout_rooms, chequers_ecumenical_altar_simple,
          grunt_decor_mini_mirrors, uniq_ijyb
D:4:      layout_loops_corners, lemuel_round_altar, serial_shops, shop
D:5:      layout_rooms, minmay_temple_entry_arrows, uniq_menkaure
D:6:      layout_rooms, serial_shops, nicolae_shop_window_shopping
Temple:   zaba_magenta_temple

Skill      XL: |  1  2  3  4  5  6  7  8 |
---------------+-------------------------+-----
Stealth        | 2 4 5 6 8 10 11 12 | 12.2
Shields        | 2 3 |  3.3
Fighting       | 6 |  6.1
Axes           | |  2.0
Staves         | |  1.0
Evocations     | |  1.1

Action                   |  1- 3 |  4- 6 |  7- 9 || total
-------------------------+-------+-------+-------++-------
Melee: Hand axe          |    68 |    91 |    73 ||   232
       Constrict         |    25 |    19 |    25 ||    69
       Tentacles         |     8 |    13 |    15 ||    36
Invok: Ancestor Life: Ba |       |       |     1 ||     1
  Use: Scroll            |       |     4 |     1 ||     5
 Stab: Sleeping          |     9 |    17 |    11 ||    37
Armor: Skin              |     8 |     7 |       ||    15
Dodge: Dodged            |    32 |    41 |    41 ||   114
Block: Buckler           |     4 |    12 |    14 ||    30
